 Dungeon Crawl Stone Soup version 0.26-a0-833-g7262b39652 (console) character file.

Game seed: 1661449245163737655

111278 Morrissey the Warrior (level 16, -5/151 HPs)
             Began as a Minotaur Gladiator on Nov 15, 2020.
             Was a High Priest of Okawaru.
             Drowned by a water nymph (10 damage)
             ... on level 3 of the Shoals on Nov 16, 2020.
             The game lasted 01:03:01 (31777 turns).

Morrissey the Warrior (Minotaur Gladiator)         Turns: 31777, Time: 01:03:02

Health: -5/151     AC: 22    Str: 24    XL:     16   Next: 9%
Magic:  22/22      EV: 18    Int:  5    God:    Okawaru [*****.]
Gold:   2021       SH: 16    Dex: 14    Spells: 15/15 levels left

rFire    + + .     SeeInvis .   a - +2 demon trident (elec)
rCold    + . .     Faith    .   X - +2 kite shield
rNeg     . . .     Spirit   .   d - +3 plate armour {MR+}
rPois    .         Reflect  .   c - +0 hat
rElec    .         Harm     .   Y - scarf {rC+ rF+}
rCorr    .         Rampage  .   k - +2 pair of gloves
MR       ++...                  (no boots)
Stlth    ..........             (no amulet)
HPRegen  0.75/turn              u - ring of protection from fire
MPRegen  0.18/turn              q - +4 ring of evasion

@: very slow
A: retaliatory headbutt, horns 2, regeneration 1, screaming 1
a: Heroism, Finesse, Renounce Religion


You were on level 3 of the Shoals.
You worshipped Okawaru.
Okawaru was extremely pleased with you.
You visited 7 branches of the dungeon, and saw 29 of its levels.
You also visited: Sewer and Gauntlet.

You collected 2133 gold pieces.
You spent 112 gold pieces at shops.

Inventory:

Hand Weapons
 a - a +2 demon trident of electrocution (weapon)
 b - the +8 spear of Youthful Indiscretion {holy, Stlth+}
   (Okawaru gifted it to you on level 12 of the Dungeon)

   It has been blessed by the Shining One to cause great damage to the undead
   and demons.
   It makes you more stealthy.
 H - a +2 bardiche of venom
 I - a +7 vorpal trident
 U - a +1 longbow of flaming
Missiles
 F - 2 throwing nets (quivered)
Armour
 c - a +0 hat (worn)
 d - a +3 plate armour of magic resistance (worn)
 k - a +2 pair of gloves (worn)
 n - a +2 cloak of poison resistance
 y - a +4 plate armour of poison resistance
 D - a +2 plate armour of cold resistance
 J - a +0 kite shield of protection
 X - a +2 kite shield (worn)
 Y - a scarf of resistance (worn)
Jewellery
 e - an uncursed ring of flight
 q - a +4 ring of evasion (right hand)
 u - a ring of protection from fire (left hand)
 P - a +6 ring of intelligence
Wands
 l - a wand of acid (8)
 v - a wand of flame (11)
 w - a wand of iceblast (10)
 z - a wand of disintegration (33)
 N - a wand of polymorph (10)
 Q - a wand of enslavement (17)
 T - a wand of digging (11)
 V - a wand of paralysis (4)
Scrolls
 j - 10 scrolls of teleportation
 o - 8 scrolls of magic mapping
 r - 8 scrolls of amnesia
 s - 10 scrolls of remove curse
 x - 3 scrolls of fog
 E - 4 scrolls of fear
 K - a scroll of brand weapon
 L - 2 scrolls of enchant armour
 W - a scroll of silence
Potions
 f - 6 potions of lignification
 g - 9 potions of heal wounds
 h - 4 potions of haste
 i - 12 potions of curing
 m - 3 potions of resistance
 p - 3 potions of attraction
 t - 3 potions of ambrosia
 A - 2 potions of brilliance
 B - a potion of magic
 C - 7 potions of might
 M - 4 potions of mutation
 O - 3 potions of flight
 R - 2 potions of berserk rage
 S - 2 potions of invisibility
 Z - a potion of cancellation
Miscellaneous
 G - a phantom mirror


   Skills:
 + Level 15.8 Fighting
 - Level 14.0 Polearms
 - Level 2.3 Throwing
 + Level 13.4 Armour
 + Level 13.0 Dodging
 - Level 15.0 Shields
 - Level 10.4 Invocations


You had 15 spell levels left.
You didn't know any spells.
Your spell library contained the following spells:

 Spells                   Type           Power        Failure   Level
 Animate Skeleton         Necr           #.....       99%         1
 Apportation              Tloc           #.....       99%         1
 Corona                   Hex            #......      99%         1
 Summon Small Mammal      Summ           #...         99%         1
 Blink                    Tloc           N/A          100%        2
 Call Imp                 Summ           #.......     100%        2
 Ensorcelled Hibernation  Hex/Ice        #.....       100%        2
 Call Canine Familiar     Summ           #.......     100%        3
 Confusing Touch          Hex            #.......     100%        3
 Dazzling Flash           Conj/Hex       #.....       100%        3
 Gell's Gravitas          Tloc           #.........   100%        3
 Ignite Poison            Fire/Tmut/Pois #.......     100%        3
 Lesser Beckoning         Tloc           #.........   100%        3
 Mephitic Cloud           Conj/Pois/Air  #.......     100%        3
 Spider Form              Tmut/Pois      #.........   100%        3
 Summon Guardian Golem    Hex/Summ       #.......     100%        3
 Teleport Other           Tloc           #.......     100%        3
 Tukima's Dance           Hex            #.......     100%        3
 Vampiric Draining        Necr           #.........   100%        3
 Animate Dead             Necr           #.........   100%        4
 Passage of Golubria      Tloc           N/A          100%        4
 Summon Ice Beast         Ice/Summ       #.......     100%        4
 Summon Lightning Spire   Summ/Air       #.......     100%        4
 Borgnjor's Vile Clutch   Necr/Erth      #.........   100%        5
 Fireball                 Conj/Fire      #.........   100%        5
 Death Channel            Necr           #.........   100%        6
 Simulacrum               Ice/Necr       #.........   100%        6
 Starburst                Conj/Fire      #.........   100%        6
 Ignition                 Fire           #.........   100%        8


Dungeon Overview and Level Annotations

Branches:
Dungeon (15/15)            Temple (1/1) D:6            Lair (6/6) D:11
 Shoals (3/4) Lair:2       Spider (1/4) Lair:2        Slime (0/5) Lair:5
    Orc (2/2) D:11            Elf (1/3) Orc:2        Depths (0/5) D:15
  Sewer (visited)         Gauntlet (visited)
 Vaults: D:13-14

Altars:
Cheibriados
Elyvilon
Fedhas
Gozag
Hepliaklqana
Kikubaaqudgha
Makhleb
Okawaru
Qazlal
Ru
Uskayaw
Vehumet
Wu Jian
Xom
Yredelemnul
Zin
The Shining One
Beogh
Jiyva

Shops:
D:4 [   D:5 ?   Orc:2 (}*(

Portals:
Trove: D:11 (give horn of Geryon)

Annotations:
D:14 Rupert
Orc:1 2 transporters, dricus's ghost, journeyman OpVM


Innate Abilities, Weirdness & Mutations

You reflexively headbutt those who attack you in melee.
You have a pair of horns on your head.
Your natural rate of healing is unusually fast.
You occasionally shout uncontrollably at your foes.


Message History

* * * LOW HITPOINT WARNING * * *
Your lungs strain for air!
The water elemental closely misses you. You furiously retaliate!
You headbutt the water elemental! You block the merfolk's attack.
Unknown command.
You puncture the water elemental!
You destroy the water elemental!
Okawaru accepts your kill.
You gasp with relief as air once again reaches your lungs.
You block the water nymph's attack.
You hit the water nymph. Your headbutt misses the water nymph.
The water nymph is lightly wounded.
You block the merfolk's attack. You block the water nymph's attack.
You barely miss the water nymph. You headbutt the water nymph.
The water nymph is lightly wounded.
Your unstable footing causes you to fumble your attack.
The merfolk hits you from afar with a +0 trident!
* * * LOW HITPOINT WARNING * * *
The water nymph touches you. The water nymph drowns you!
You die...

#..≈≈≈≈≈≈≈≈≈≈≈
#.≈≈≈≈≈≈≈≈≈≈≈≈≈
#.≈≈≈≈≈≈≈≈≈≈≈≈≈
#####.≈≈≈≈≈≈≈≈≈≈≈≈≈ ..
#...≈≈≈≈≈≈≈≈≈≈≈≈≈≈≈
≈.#####<≈≈≈≈≈≈≈≈≈≈≈≈≈≈≈≈≈
≈...#..≈≈≈≈..≈≈≈."≈...≈≈≈
......≈≈≈≈≈≈.≈≈...m....≈≈
#....≈..≈≈≈≈≈.#@m≈.....≈
####....≈≈≈≈≈...)##...≈≈
##..≈≈≈≈≈≈≈≈≈)##...≈≈
#.:..≈≈≈≈≈≈≈≈...≈≈ ≈≈ #
#.....≈≈≈≈≈≈≈≈...≈
......##.≈≈≈≈<≈≈≈≈.≈≈
#......##..≈≈≈≈≈≈≈≈.≈≈
##.......≈≈≈≈≈≈≈≈≈≈≈≈≈≈
#...≈....≈≈≈≈≈≈≈≈....≈


You could see a merfolk and a water nymph.

Vanquished Creatures
  Nikola (Shoals:2)
  Jorgrun (D:12)
  The ghost of milododd the Tainter, an adept OpVM of Sif Muna (Elf:1)
  A ghost moth (Spider:1)
  2 orc warlords
  Nessos (Lair:5)
  3 merfolk javelineers (Shoals:2)
  A fire dragon (D:15)
  3 merfolk impalers
  Erolcha (D:12)
  An ice dragon (D:15)
  4 catoblepae
  10 hydras
  2 boulder beetles
  4 merfolk avatars
  2 centaur warriors (D:15)
  6 two-headed ogres
  A merfolk aquamancer (Shoals:3)
  4 orc high priests (Orc:2)
  A dancing weapon (Elf:1)
  Sonja (Lair:5)
  2 sea snakes
  An unseen horror (D:12)
  An obsidian statue (Shoals:1)
  A wizard (D:15)
  A wolf spider zombie (D:15)
  2 orb spiders (Spider:1)
  3 deep elf archers (Elf:1)
  3 deep elf magi (Elf:1)
  5 orc knights
  9 orc sorcerers
  5 ugly things
  8 manticores
  3 fauns
  3 wolf spiders (Spider:1)
  A cyclops (D:15)
  7 merfolk sirens
  2 gargoyles
  Maurice (D:13)
  7 cane toads
  4 black mambas
  Maggie (D:7)
  A black mamba (shapeshifter) (D:6)
  2 rime drakes
  A demonic crawler (Spider:1)
  3 kobold demonologists (D:15)
  12 komodo dragons
  8 merfolk
  A tengu conjurer (D:13)
  7 trolls
  4 jumping spiders (Spider:1)
  2 wind drakes
  A polar bear (Lair:4)
  4 hornets
  3 blink frogs (Lair:1)
  9 slime creatures
  3 snapping turtles (Shoals:1)
  5 dream sheep (Lair:5)
  2 air elementals (Elf:1)
  A centaur simulacrum (D:15)
  18 redbacks
  5 wyverns
  Eustachio (D:4)
  29 yaks
  A tarantella (Spider:1)
  4 water elementals
  4 basilisks
  4 vampire mosquitoes (D:13)
  7 wargs
  2 soldier ants (D:12)
  12 water moccasins
  A black bear (Lair:4)
  45 orc warriors
  5 ice beasts
  3 necrophages
  6 sky beasts
  11 wolves
  17 ogres
  12 centaurs
  3 big kobolds
  18 bullfrogs
  A water moccasin skeleton (D:11)
  A wyvern skeleton (D:14)
  2 scorpions
  7 killer bees
  22 wights
  An electric eel (Lair:1)
  4 howler monkeys
  4 centaur zombies
  2 jellies (D:9)
  A bullfrog zombie (D:10)
  2 quasits
  8 hounds
  11 centaur skeletons
  32 orc priests
  25 orc wizards
  A bullfrog skeleton (D:11)
  A gnoll shaman (D:8)
  2 iguanas
  7 worker ants
  4 hell rats (Lair:3)
  A hound zombie (D:10)
  2 hound skeletons
  2 howler monkey zombies
  3 worker ant zombies
  8 gnolls
  8 adders
  4 river rats
  2 shadow imps
  4 white imps
  6 ufetubi
  An adder skeleton (D:5)
  2 worms
  4 dart slugs
  4 leopard geckos
  138 orcs
  6 giant cockroaches
  7 goblins
  11 hobgoblins
  4 jackals
  4 quokkas
  8 ball pythons
  7 bats
  10 frilled lizards
  20 kobolds
  A quokka zombie (D:8)
  16 rats
819 creatures vanquished.

Vanquished Creatures (others)
  A sea snake (Shoals:2)
  A jumping spider (Spider:1)
  An orc wizard (D:11)
  2 orcs (Orc:2)
  17 fungi
  34 plants
  A withered plant (Gauntlet)
57 creatures vanquished.

Grand Total: 876 creatures vanquished

Notes
Turn   | Place    | Note
-------+----------+-------------------------------------------
     0 | D:1      | Morrissey the Minotaur Gladiator began the quest for the
                  | Orb.
     0 | D:1      | Reached XP level 1. HP: 18/18 MP: 0/0
     2 | D:1      | Noticed a felid
     2 | D:1      | Noticed a demonspawn
     4 | D:1      | Noticed an ogre
     6 | D:1      | Noticed a tengu
     6 | D:1      | Noticed a centaur
     8 | D:1      | Noticed a spriggan
    10 | D:1      | Noticed a vampire
    10 | D:1      | Noticed a gargoyle
    12 | D:1      | Noticed a halfling
    12 | D:1      | Noticed a human
    14 | D:1      | Noticed a formicid
    14 | D:1      | Noticed a demigod
    16 | D:1      | Noticed a ghoul
    16 | D:1      | Noticed a draconian
    18 | D:1      | Noticed a minotaur
    20 | D:1      | Noticed a merfolk
    20 | D:1      | Noticed a dwarf
    22 | D:1      | Noticed a vine stalker
    22 | D:1      | Noticed an octopode
    24 | D:1      | Noticed an elf
    24 | D:1      | Noticed a naga
    26 | D:1      | Noticed a troll
   170 | D:1      | Reached XP level 2. HP: 25/25 MP: 1/1
   456 | D:1      | Reached XP level 3. HP: 25/30 MP: 2/2
   721 | D:2      | Found a shimmering altar of Xom.
   721 | D:2      | Found a burning altar of Makhleb.
   735 | D:2      | You fall into a shaft and drop 2 floors!
   808 | D:3      | Reached skill level 1 in Armour
   808 | D:3      | Reached XP level 4. HP: 35/38 MP: 3/3
  1132 | D:3      | Reached skill level 5 in Polearms
  1325 | D:2      | You fall into a shaft and drop 2 floors!
  1344 | D:4      | Reached XP level 5. HP: 33/45 MP: 4/4
  1538 | D:4      | Noticed Eustachio
  1552 | D:4      | Killed Eustachio
  1553 | D:4      | Reached XP level 6. HP: 30/52 MP: 5/5
  2558 | D:2      | Found a shimmering altar of Xom.
  3556 | D:4      | Found Raoqotua's Antique Armour Boutique.
  3928 | D:5      | Entered Level 5 of the Dungeon
  3928 | D:5      | Found a blossoming altar of Fedhas.
  4152 | D:5      | Reached XP level 7. HP: 41/60 MP: 6/6
  4253 | D:5      | Found Fahasej's Magic Scroll Boutique.
  4258 | D:5      | Bought a scroll of teleportation for 42 gold pieces
  4258 | D:5      | Bought a scroll of remove curse for 42 gold pieces
  4258 | D:5      | Bought a scroll of identify for 28 gold pieces
  4467 | D:5      | Found a glowing drain.
  4476 | D:5      | Reached skill level 5 in Dodging
  4485 | Sewer    | Entered a sewer
  4985 | D:5      | Reached skill level 5 in Fighting
  4988 | D:5      | Found a large runed translucent door.
  4988 | D:5      | Found a large runed translucent door.
  5121 | D:5      | Found a large runed translucent door.
  5121 | D:5      | Found a large runed translucent door.
  5321 | D:5      | Reached XP level 8. HP: 47/69 MP: 7/7
  5325 | D:5      | Noticed a shapeshifter
  5325 | D:5      | an orc warrior changed into a shapeshifter
  5325 | D:5      | Noticed a swamp dragon
  5325 | D:5      | a shapeshifter changed into a swamp dragon
  5666 | D:6      | Found a staircase to the Ecumenical Temple.
  5690 | Temple   | Entered the Ecumenical Temple
  5772 | Temple   | Became a worshipper of Warmaster Okawaru
  5863 | D:6      | Noticed a shapeshifter
  5863 | D:6      | a scorpion changed into a shapeshifter
  5863 | D:6      | Noticed a black mamba
  5863 | D:6      | a shapeshifter changed into a black mamba
  5867 | D:6      | Killed a black mamba
  5868 | D:6      | Reached skill level 5 in Armour
  5976 | D:7      | Reached * piety under Okawaru
  6505 | D:6      | Found an ornate altar of the Wu Jian Council.
  6759 | D:6      | You fall into a shaft and drop 3 floors!
  6767 | D:9      | Reached XP level 9. HP: 78/78 MP: 8/8
  6829 | D:8      | Reached ** piety under Okawaru
  6890 | D:7      | Found a hide-covered altar of Uskayaw.
  6891 | D:7      | Noticed a +0 hand axe
  6892 | D:7      | Noticed a +0 hand axe
  6931 | D:7      | Found a basalt altar of Yredelemnul.
  6934 | D:7      | Found a radiant altar of Vehumet.
  6936 | D:7      | Found a stormy altar of Qazlal.
  6937 | D:7      | Found a glowing silver altar of Zin.
  6938 | D:7      | Found an opulent altar of Gozag.
  6940 | D:7      | Found a snail-covered altar of Cheibriados.
  6942 | D:7      | Found a white marble altar of Elyvilon.
  7124 | D:7      | Reached skill level 10 in Polearms
  7250 | D:7      | Noticed Maggie
  7284 | D:7      | Killed Maggie
  8250 | D:8      | Reached *** piety under Okawaru
  8580 | D:9      | Reached XP level 10. HP: 88/88 MP: 9/9
  8776 | D:9      | Reached skill level 1 in Invocations
  8873 | D:9      | Reached **** piety under Okawaru
  9079 | D:9      | Received a gift from Okawaru
  9175 | D:10     | Entered Level 10 of the Dungeon
  9423 | D:10     | Found a white marble altar of Elyvilon.
 10264 | D:10     | Reached ***** piety under Okawaru
 10698 | D:11     | Noticed a gargoyle
 10710 | D:11     | Killed a gargoyle
 10710 | D:11     | Received a gift from Okawaru
 10923 | D:11     | Noticed a two-headed ogre
 10935 | D:11     | Killed a two-headed ogre
 10936 | D:11     | Reached XP level 11. HP: 84/97 MP: 12/12
 11191 | D:11     | Paralysed by a hornet for 2 turns
 11394 | D:11     | Found a staircase to the Orcish Mines.
 11429 | D:11     | Found a staircase to the Lair.
 11467 | D:11     | Found a burning altar of Makhleb.
 11646 | D:11     | Found a portal to a secret trove of treasure.
 11755 | D:12     | Found a white marble altar of Elyvilon.
 11809 | D:12     | Noticed Erolcha
 11834 | D:12     | Killed Erolcha
 11887 | D:12     | Noticed a cyan ugly thing
 11903 | D:12     | Killed a cyan ugly thing
 11970 | D:12     | Killed an unseen horror
 12060 | D:12     | Noticed a cyan ugly thing
 12095 | D:12     | Killed a cyan ugly thing
 12095 | D:12     | Received a gift from Okawaru
 12096 | D:12     | Reached skill level 10 in Fighting
 12101 | D:12     | Reached skill level 5 in Invocations
 12429 | D:12     | Noticed Jorgrun
 12460 | D:12     | Killed Jorgrun
 12461 | D:12     | Reached XP level 12. HP: 68/106 MP: 14/14
 12619 | D:12     | Got an encrusted ring mail
 12658 | D:12     | Identified the cursed +1 ring mail "Oklity" {+Blink rF+
                  | Int+4 Stlth+} (You found it on level 12 of the Dungeon)
 12780 | Lair:1   | Entered Level 1 of the Lair of Beasts
 12921 | Lair:1   | Noticed a seven-headed hydra
 12942 | Lair:1   | Killed a seven-headed hydra
 12943 | Lair:1   | Reached skill level 10 in Armour
 12943 | Lair:1   | Reached skill level 10 in Dodging
 13418 | Lair:1   | Reached skill level 5 in Shields
 13789 | Lair:1   | You fall into a shaft and drop 1 floor!
 13830 | Lair:2   | Found a staircase to the Shoals.
 14357 | Lair:2   | Noticed a seven-headed hydra
 14369 | Lair:2   | Killed a seven-headed hydra
 14417 | Lair:2   | Noticed a five-headed hydra
 14429 | Lair:2   | Killed a five-headed hydra
 14537 | Lair:2   | Reached ****** piety under Okawaru
 14539 | Lair:2   | Received a gift from Okawaru
 14542 | Lair:2   | Got a brightly glowing hunting sling {god gift}
 14543 | Lair:2   | Identified the +6 hunting sling of Integrity {speed, *Drain
                  | Str+7} (Okawaru gifted it to you on level 2 of the Lair of
                  | Beasts)
 14922 | Lair:2   | Noticed a seven-headed hydra
 14933 | Lair:2   | Killed a seven-headed hydra
 15282 | Lair:2   | Found a hole to the Spider Nest.
 15352 | Lair:2   | Noticed a six-headed hydra
 15361 | Lair:2   | Killed a six-headed hydra
 15852 | Lair:3   | Reached XP level 13. HP: 101/117 MP: 17/17
 17829 | Lair:4   | Received a gift from Okawaru
 17830 | Lair:4   | Reached skill level 10 in Shields
 18060 | Lair:4   | You fall into a shaft and drop 1 floor!
 18060 | Lair:5   | Found a viscous altar of Jiyva.
 18060 | Lair:5   | Found a staircase to the Slime Pits.
 18932 | Lair:5   | Noticed Sonja
 18946 | Lair:5   | Killed Sonja
 19327 | Lair:5   | Noticed Nessos
 19365 | Lair:5   | Killed Nessos
 20205 | Lair:6   | Entered Level 6 of the Lair of Beasts
 20781 | D:12     | Received a gift from Okawaru
 20784 | D:12     | Got a crystal spear {god gift}
 20785 | D:12     | Identified the +8 spear of Youthful Indiscretion {holy,
                  | Stlth+} (Okawaru gifted it to you on level 12 of the
                  | Dungeon)
 21103 | D:13     | Found an opulent altar of Gozag.
 21324 | D:13     | Noticed Maurice
 21344 | D:13     | Killed Maurice
 21411 | D:13     | Reached XP level 14. HP: 125/129 MP: 19/19
 22033 | D:14     | Found a gate leading to a gauntlet.
 22089 | Gauntlet | Entered a Gauntlet
 22089 | Gauntlet | Found a transporter.
 22089 | Gauntlet | Found a transporter.
 22092 | Gauntlet | Found a transporter.
 22092 | Gauntlet | Found a transporter.
 22349 | D:14     | Noticed Rupert
 22355 | D:15     | Entered Level 15 of the Dungeon
 22368 | D:15     | Found an opulent altar of Gozag.
 22613 | D:15     | Reached skill level 15 in Shields
 22656 | D:15     | Found a staircase to the Depths.
 22848 | D:15     | Received a gift from Okawaru
 23654 | Orc:1    | Entered Level 1 of the Orcish Mines
 23654 | Orc:1    | Noticed an orc warlord
 23664 | Orc:1    | Received a gift from Okawaru
 23675 | Orc:1    | Killed an orc warlord
 24019 | Orc:1    | Found a transporter.
 24021 | Orc:1    | Noticed dricus's ghost (journeyman OpVM)
 24064 | Orc:1    | Found a transporter.
 24730 | Spider:1 | Entered Level 1 of the Spider Nest
 24770 | Spider:1 | Noticed an entropy weaver
 25112 | Spider:1 | Received a gift from Okawaru
 25292 | Spider:1 | Killed a ghost moth
 25954 | Shoals:1 | Entered Level 1 of the Shoals
 25976 | Lair:2   | Reached XP level 15. HP: 137/138 MP: 21/21
 25991 | Lair:2   | Upgraded the game from 0.26-a0-830-g2a559e7be2 to
                  | 0.26-a0-833-g7262b39652
 26140 | Orc:2    | Entered Level 2 of the Orcish Mines
 26833 | Orc:2    | Found a roughly hewn altar of Beogh.
 26949 | Orc:2    | Found Ehytif's General Store.
 26988 | Orc:2    | Found Zoc Boce's Weapon Emporium.
 27664 | Orc:2    | Found a staircase to the Elven Halls.
 27832 | Orc:2    | Noticed an orc warlord
 27860 | Orc:2    | Killed an orc warlord
 27861 | Orc:2    | Reached skill level 10 in Invocations
 28328 | Orc:2    | Found Juobajed's Gadget Shop.
 28340 | Orc:2    | Received a gift from Okawaru
 28341 | Orc:2    | Got a crude scale mail {god gift}
 28352 | Orc:2    | Identified the +6 scale mail of the Wasteland {+Fly MR-
                  | Dex+7 Stlth-} (Okawaru gifted it to you on level 2 of the
                  | Orcish Mines)
 28419 | Orc:2    | Found Plog's Weapon Shoppe.
 28867 | Orc:2    | Found a roughly hewn altar of Beogh.
 29004 | Elf:1    | Entered Level 1 of the Elven Halls
 29127 | Elf:1    | Found a runed translucent gate.
 29127 | Elf:1    | Found a runed translucent gate.
 29127 | Elf:1    | Found a runed translucent gate.
 29133 | Elf:1    | Noticed milododd's ghost (adept OpVM)
 29155 | Elf:1    | Killed milododd's ghost
 29161 | Elf:1    | Identified Waraisur's Tome of Twisted Contamination
 29280 | Elf:1    | Reached skill level 15 in Fighting
 29833 | Shoals:1 | Gained mutation: Your natural rate of healing is unusually
                  | fast. [a neqoxec]
 29856 | Shoals:1 | Gained mutation: You occasionally shout uncontrollably at
                  | your foes. [a neqoxec]
 31049 | Shoals:2 | Noticed Nikola
 31072 | Shoals:2 | Killed Nikola
 31072 | Shoals:2 | Received a gift from Okawaru
 31363 | Shoals:2 | Reached XP level 16. HP: 61/150 MP: 22/22
 31777 | Shoals:3 | HP: 5/151 [merfolk/+0 trident (12)]
 31777 | Shoals:3 | Drowned by a water nymph

Illustrated notes

Levels and vault maps discovered:
D:1:      kb_arrival_jail, layout_basic
D:2:      layout_basic, gammafunk_temple_overflow_wave, chequers_big_river,
          tgw_xom
D:3:      layout_basic, chequers_serial_rivers_micro_b
D:4:      layout_loops_ring, serial_shops, nicolae_shop_stone, uniq_eustachio
D:5:      layout_basic, basic_altar, portal_sewer_entry_a, serial_shops,
          kennysheep_little_box, minmay_hollow_rounded_squares
D:6:      layout_basic, nicolae_overflow_hidden_temple,
          minmay_temple_entry_junction
D:7:      layout_gridville, dancing_weapons_uskayaw, minitemple, uniq_maggie
D:8:      layout_loops_ring
D:9:      layout_roguey, serial_glass, glass_columns_b, glass_columns_b
D:10:     layout_loops_corners, nicolae_twisting_strands, elyvilon_altar_1
D:11:     layout_rooms, erik_lair_orcish_takeover, orc_0_dummy,
          trove_entry_hex_spiral, basic_altar
D:12:     layout_stronghold, basic_altar, st_stairs_2, uniq_erolcha,
          uniq_jorgrun
D:13:     layout_irregular_city, lemuel_altar_in_water, uniq_maurice
D:14:     layout_layer_cave, grunt_vaults_entry_tiered, serial_park_tiny_pond,
          gauntlet_entry_generic, skrybe_limestone_x, minmay_misc_feat_doors,
          uniq_rupert, uniq_josephine
D:15:     grunt_enter_depths_hoard, layout_basic, nicolae_gozag_seed_capital
Temple:   minmay_temple_curvy_loop
Lair:1:   layout_regular_city, serial_bayou_ford_a, serial_bayou_shore_a
Lair:2:   layout_gridlike, minmay_shoals_entry_lonely_mermaid,
          spider_nest_entry_a, guppyfry_lair_drakes
Lair:3:   layout_cave_pods, grunt_megastairs_3
Lair:4:   layout_roguey
Lair:5:   layout_cave_pods, slime_altar_1, uniq_nessos, uniq_sonja
Lair:6:   evilmike_catoblepas_cave, layout_cave_pods, grunt_megastairs_4,
          infiniplex_staircase_pool_2
Shoals:1: layout_shoals, dpeg_stationary_puzzle
Shoals:2: layout_shoals, nicolae_shoals_mertower, uniq_nikola
Shoals:3: layout_shoals
Spider:1: layout_spider_delve, portal_ice_cave_entry_pillars_four
Orc:1:    layout_diamond_mine, gammafunk_ghost_stat_death, minmay_orc_temple_b
Orc:2:    pubby_orc_utopia
Elf:1:    layout_loops_corners, serial_shops, shop_coins,
          ebering_ghost_rock_garden, hangedman_elf_represent, minivault_16,
          minmay_misc_feat_five, minmay_shop_grove

Skill      XL: |  1  2  3  4  5  6  7  8  9 10 11 12 13 14 15 16 |
---------------+-------------------------------------------------+-----
Polearms       | 4 5 6 7 9 11 12 14 | 14.0
Fighting       | 3 4 5 6 8 9 10 11 13 14 15 | 15.8
Armour         | 1 2 3 4 5 7 8 9 10 11 13 | 13.4
Dodging        | 4 5 6 7 8 9 10 11 12 13 | 13.0
Invocations    | 3 5 7 8 9 10 | 10.4
Shields        | 3 9 13 15 | 15.0
Throwing       | |  2.3

Action                   |  1- 3 |  4- 6 |  7- 9 | 10-12 | 13-15 | 16-18 || total
-------------------------+-------+-------+-------+-------+-------+-------++-------
Melee: Trident           |    80 |    92 |   135 |   933 |  2053 |       ||  3293
       Headbutt          |     7 |    18 |    56 |   204 |   447 |    11 ||   743
       Spear             |       |    53 |   271 |       |    15 |       ||   339
       Demon trident     |       |       |       |       |   173 |    63 ||   236
Throw: Throwing net      |       |     1 |     4 |     3 |     1 |       ||     9
Invok: Heroism           |       |       |       |     3 |     8 |     1 ||    12
       Finesse           |       |       |       |     3 |     8 |     1 ||    12
Evoke: Wand              |       |       |       |       |    12 |       ||    12
  Use: Potion            |       |       |     4 |       |     3 |       ||     7
       Scroll            |       |       |    13 |     1 |    27 |     1 ||    42
 Stab: Held in net/web   |       |     1 |     2 |     2 |       |       ||     5
       Sleeping          |       |     1 |     2 |       |       |       ||     3
       Distracted        |       |       |     1 |       |     1 |       ||     2
       Petrified         |       |       |       |       |     5 |       ||     5
Armor: Leather armour    |    14 |    22 |     8 |       |       |       ||    44
       Plate armour      |       |       |    90 |   287 |   489 |    11 ||   877
Dodge: Dodged            |    36 |    65 |   140 |   374 |   605 |    14 ||  1234
Block: Kite shield       |       |       |       |   144 |  1016 |    27 ||  1187

Table legend: (Time is in decaauts)
 A = Elapsed time spent in this place.
 B = Non-inter-level travel time spent in this place.
 C = Inter-level travel time spent in this place.
 D = Time resting spent in this place.
 E = Time spent auto-exploring this place.
 F = Levels seen in this place.
 G = Mean time per level.
                   A        B        C        D        E       F      G
               +--------+--------+--------+--------+--------+-----+--------+
         Total |  30656 |  28956 |   1700 |   3967 |  18660 |  31 |  988.9 |
       Dungeon |  15137 |  14367 |    770 |   1106 |  10622 |  15 | 1009.1 |
        Temple |    144 |     82 |     62 |      0 |     77 |   1 |  144.0 |
          Lair |   7791 |   7208 |    583 |    911 |   5234 |   6 | 1298.5 |
        Shoals |   1953 |   1895 |     58 |    148 |   1178 |   3 |  651.0 |
   Spider Nest |    949 |    945 |      4 |    443 |    232 |   1 |  949.0 |
  Orcish Mines |   3710 |   3529 |    181 |   1094 |    892 |   2 | 1855.0 |
   Elven Halls |    577 |    536 |     41 |    265 |    159 |   1 |  577.0 |
         Sewer |    378 |    378 |      0 |      0 |    264 |   1 |  378.0 |
      Gauntlet |     14 |     14 |      0 |      0 |      0 |   1 |   14.0 |
               +--------+--------+--------+--------+--------+-----+--------+

Top non-repeatable levels by time:
   Orc:2: 2682 daAuts
  Lair:2: 2594 daAuts
    D:12: 1645 daAuts
  Lair:1: 1533 daAuts
    D:10: 1461 daAuts
  Lair:3: 1382 daAuts
     D:5: 1363 daAuts
     D:3: 1355 daAuts
  Lair:5: 1284 daAuts
    D:15: 1129 daAuts
     D:7: 1119 daAuts
    D:11: 1082 daAuts
   Orc:1: 1027 daAuts
     D:2: 1011 daAuts
  Lair:4: 994 daAuts
